 Dungeon Crawl Stone Soup version 0.29.1-15-g9cfb28693d (webtiles) character file.

Game seed: 8944259621792434919

18 H0rd4k the Charlatan (level 2, -1/19 HPs)
             Began as an Octopode Artificer on Mar 17, 2023.
             Slain by a hobgoblin (2 damage)
             ... on level 2 of the Dungeon.
             The game lasted 00:00:29 (1160 turns).

H0rd4k the Charlatan (Octopode Artificer)           Turns: 1160, Time: 00:00:30

Health: -1/19      AC:  1    Str: 11    XL:     2   Next: 70%
Magic:  3/3        EV: 13    Int: 13    God:
Gold:   38         SH:  0    Dex: 12    Spells: 3/3 levels left

rFire   . . .      SeeInvis .   (no weapon)
rCold   . . .      Faith    .   (no shield)
rNeg    . . .      Spirit   .   (helmet restricted)
rPois   .          Reflect  .   (no amulet)
rElec   .          Harm     .   (no ring)
rCorr   .          Rampage  .   (no ring)
Will    .....                   (no ring)
Stlth   +++.......              (no ring)
HPRegen 0.06/turn               (no ring)
MPRegen 0.08/turn               (no ring)
                                (no ring)
                                (no ring)

@: lethally poisoned (-1 -> -8)
A: almost no armour, amphibious, 8 rings, camouflage 1, gelatinous body 1,
(nimble swimmer 1), tentacles
a: no special abilities


You were on level 2 of the Dungeon.
You visited 1 branch of the dungeon, and saw 2 of its levels.

You collected 38 gold pieces.

Inventory:

Wands
 b - a wand of flame (15) (quivered)
 c - a wand of charming (15)
 d - a wand of iceblast (5)
Scrolls
 a - a scroll of teleportation {unknown}
 e - a scroll of immolation {unknown}
 h - a scroll of magic mapping {unknown}
 i - a scroll of identify {unknown}
 k - a scroll of enchant weapon {unknown}
 l - a scroll of acquirement {unknown}
Potions
 f - a potion of flight {unknown}
 g - a potion of berserk rage {unknown}
 j - a potion of brilliance {unknown}


   Skills:
 * Level 1.8 Fighting
 - Level 2.3 Dodging
 - Level 1.3 Stealth
 + Level 0.3 Unarmed Combat
 * Level 1.2 Spellcasting
 - Level 3.2 Evocations


You had 3 spell levels left.
You didn't know any spells.
Your spell library contained the following spells:

 Spells                   Type           Power      Damage    Failure   Level
 Ensorcelled Hibernation  Hex/Ice        0%         N/A       38%         2
 Passwall                 Tmut/Erth      0%         N/A       38%         2
 Swiftness                Air            0%         N/A       63%         3


Dungeon Overview and Level Annotations

Branches:
Dungeon (2/15)

Altars:


Innate Abilities, Weirdness & Mutations

You cannot wear most types of armour.
You are amphibious.
You can wear up to eight rings at the same time.
Your skin changes colour to match your surroundings (Stealth+).
Your rubbery body absorbs attacks. (AC +1, EV +1)
((You are camouflaged when in or above water. (Stealth+)))
You have tentacles for arms and can constrict up to eight enemies at once.


Message History

Found a spear.
No target in view!
An adder comes into view.
A hobgoblin comes into view.
There are monsters nearby!
Found a cyan potion.
You see here a scroll labelled TIL RAKLOIWN.
The adder bites you but does no damage.
You closely miss the adder.
The hobgoblin shouts!
Your grab misses the adder. The adder barely misses you.
You miss the adder. You grab the adder. You constrict the adder.
The adder barely misses you.
There are monsters nearby!
You tentacle-slap the adder.
The adder is moderately wounded.
You constrict the adder. The adder bites you. x2
You are poisoned.
The adder poisons you!
There are monsters nearby!
You barely miss the adder.
The adder is heavily wounded.
You constrict the adder.
You feel sick. The adder bites you.
You are lethally poisoned!
The adder poisons you! The hobgoblin hits you.
* * * LOW HITPOINT WARNING * * *
There is a lethal amount of poison in your body!
You are too injured to fight recklessly!
You are too injured to fight recklessly!
There is a lethal amount of poison in your body!
You are too injured to fight recklessly!
You tentacle-slap the adder.
The adder is severely wounded.
You constrict the adder.
* * * LOW HITPOINT WARNING * * *
You feel sick. The adder closely misses you. The hobgoblin barely misses you.
You tentacle-slap the adder.
You kill the adder!
* * * LOW HITPOINT WARNING * * *
You feel sick. The hobgoblin hits you.
You die...

#......# #......#
#####..!...#
...........
..........#
..........#
....).†g..#
.......@.<#
..........# $.
........?.###....
.................
#########.###....
#.# .. #.# #<#
###


You could see a hobgoblin.

Vanquished Creatures
  An adder (D:2)
  A dart slug (D:1)
  3 endoplasms (D:1)
  A giant cockroach (D:1)
  3 hobgoblins (D:1)
  2 kobolds (D:1)
  A ball python (D:1)
  2 goblins (D:1)
  A rat (D:1)
15 creatures vanquished.

Notes
Turn   | Place    | Note
-------+----------+-------------------------------------------
     0 | D:1      | H0rd4k the Octopode Artificer began the quest for the Orb.
     0 | D:1      | Reached XP level 1. HP: 13/13 MP: 1/1
   292 | D:1      | Reached XP level 2. HP: 9/18 MP: 1/3
   522 | D:1      | Reached skill level 1 in Spellcasting
  1160 | D:2      | Slain by a hobgoblin

Illustrated notes

Levels and vault maps discovered:
D:1:      ebering_hopf_link, layout_loops_ring
D:2:      layout_basic, chequers_ecumenical_altar_grove

Skill      XL: |  1  2 |
---------------+-------+-----
Spellcasting   | 1 |  1.2
Fighting       | |  1.8
Dodging        | |  2.3
Stealth        | |  1.3
Unarmed Combat | |  0.3
Evocations     | |  3.2

Action                   || total
-------------------------++-------
Melee: Unarmed           ||    40
       Constrict         ||    11
       Tentacles         ||    12
 Stab: Sleeping          ||     5
Armor: Skin              ||     2
Dodge: Dodged            ||    16
